 Dungeon Crawl Stone Soup version 0.30-b1-2-g02819fbbbe (webtiles) character file.

Game seed: 15226216187585948980

6701 suse60 the Covert (level 10, -1/50 HPs)
             Began as a Deep Elf Earth Elementalist on Dec 26, 2023.
             Was an Initiate of Vehumet.
             Slain by a demonic crawler (13 damage)
             ... on level 1 of the Lair of Beasts on Dec 31, 2023.
             The game lasted 01:33:43 (8126 turns).

suse60 the Covert (Deep Elf Earth Elementalist)     Turns: 8126, Time: 01:33:44

Health: -1/50      AC: 15    Str: 10    XL:     10   Next: 74%
Magic:  3/22       EV: 23    Int: 36    God:    Vehumet [......]
Gold:   450        SH:  0    Dex: 15    Spells: 13/23 levels left

rFire   . . .        b - +6 dagger of Lofyxieb {distort, Str+5 Int+6}
rCold   . . .        (no shield)
rNeg    . . .        p - +5 robe of Weus {Regen+ Int+5}
rPois   .            (no helmet)
rElec   .            D - +1 cloak
rCorr   .            u - +2 pair of gloves
SInv    .            n - +2 pair of boots
Will    +....        o - amulet of magic regeneration
Stlth   +++++        E - ring of wizardry
HPRegen 1.08/turn    j - +5 ring of evasion
MPRegen 0.58/turn

%: wizardry (x1)
@: no status effects
A: no striking features
a: Renounce Religion


You were on level 1 of the Lair of Beasts.
You worshipped Vehumet.
Vehumet was noncommittal.
You visited 3 branches of the dungeon, and saw 12 of its levels.
You also visited: Sewer.

You collected 450 gold pieces.

Inventory:

Hand Weapons
 b - the +6 dagger of Lofyxieb (weapon) {distort, Str+5 Int+6}
   (You took it off a kobold demonologist on level 8 of the Dungeon)

   Str:       It affects your strength (+5).
   Int:       It affects your intelligence (+6).
 f - a +6 rapier of draining
Missiles
 y - 5 curare-tipped darts
Armour
 n - a +2 pair of boots (worn)
 p - the +5 robe of Weus (worn) {Regen+ Int+5}
   (You took it off a kobold demonologist on level 8 of the Dungeon)

   Int:       It affects your intelligence (+5).
   Regen:     It increases your rate of health regeneration.
 u - a +2 pair of gloves (worn)
 D - a +1 cloak (worn)
Jewellery
 a - a +6 ring of strength
 c - a ring of willpower
 d - a ring of poison resistance
 j - a +5 ring of evasion (right hand)
 l - a ring of flight
 m - a ring of fire
 o - an amulet of magic regeneration (around neck)
 E - a ring of wizardry (left hand)
Wands
 r - a wand of digging (6)
 B - a wand of charming (11)
 C - a wand of roots (10)
Potions
 e - 2 potions of might
 g - 3 potions of curing
 h - 2 potions of invisibility
 i - 2 potions of flight
 q - a potion of resistance {unknown}
 t - a potion of berserk rage {unknown}
 w - a potion of ambrosia {unknown}
 x - 2 potions of haste {unknown}
 z - a potion of magic
 A - 2 potions of brilliance {unknown}


   Skills:
 + Level 11.6 Dodging
 + Level 12.5 Stealth
 - Level 7.1 Spellcasting
 - Level 5.0 Conjurations
 - Level 5.1 Summonings
 - Level 1.1 Transmutations
 + Level 5.7 Earth Magic


You had 13 spell levels left.
You knew the following spells:

 Your Spells              Type           Power      Damage    Failure   Level
a - Sandblast             Erth           100%       2d20      1%          1
b - Stone Arrow           Conj/Erth      100%       3d13      1%          3
c - Call Canine Familiar  Summ           49%        N/A       1%          3
d - Vampiric Draining     Necr           12%        2d6       4%          3

Your spell library contained the following spells:

 Spells                   Type           Power      Damage    Failure   Level
 Slow                     Hex            48%        N/A       1%          1
 Passwall                 Tmut/Erth      30%        N/A       1%          2
 Dazzling Flash           Conj/Hex       62%        N/A       1%          3
 Petrify                  Tmut/Erth      37%        N/A       3%          4
 Confusing Touch          Hex            12%        N/A       4%          3
 Portal Projectile        Hex/Tloc       24%        N/A       4%          3
 Leda's Liquefaction      Hex/Erth       16%        N/A       4%          4
 Agony                    Necr           12%        N/A       32%         5
 Silence                  Hex/Air        6%         N/A       32%         5


Dungeon Overview and Level Annotations

Branches:
Dungeon (10/15)            Temple (1/1) D:7            Lair (1/5) D:8
  Sewer (visited)
    Orc: D:9-12

Altars:
Ashenzari
Dithmenos
Elyvilon
Fedhas
Gozag
Kikubaaqudgha
Makhleb
Qazlal
Sif Muna
Vehumet
Yredelemnul
Zin
The Shining One
Lugonu

Portals:
Abyss: D:8

Annotations:
D:10 Fannar


Message History

Casting: Sandblast (safe; 1% risk of failure)
Confirm with . or Enter, or press ? or * to list all spells.
Aiming: Sandblast (safe; 1% risk of failure)
Press: ? - help, Shift-Dir - straight line, f/p - demonic crawler
Aim: a demonic crawler (93% to hit)
The blast of sand hits the demonic crawler but does no damage.
The demonic crawler closely misses you. The demonic crawler hits you! x2
The demonic crawler hits you but does no damage. x2
The demonic crawler misses you.
Casting: Sandblast (safe; 1% risk of failure)
Confirm with . or Enter, or press ? or * to list all spells.
The demonic crawler closely misses you.
The demonic crawler hits you but does no damage.
The demonic crawler misses you.
The demonic crawler completely misses you. x3
Unknown command.
The demonic crawler attacks as you move away!
The demonic crawler hits you but does no damage.
The demonic crawler misses you. x2 2 swamp worms come into view.
The demonic crawler attacks as you move away!
The demonic crawler hits you.
The demonic crawler completely misses you.
The demonic crawler barely misses you. The demonic crawler hits your wolf.
The demonic crawler hits your wolf!
The demonic crawler closely misses your wolf.
The demonic crawler hits your wolf!
Your wolf dies!
Your wolf's corpse disappears in a puff of smoke!
The demonic crawler attacks as you move away!
The demonic crawler misses you.
The demonic crawler barely misses you. x2
Casting: Call Canine Familiar (safe; 1% risk of failure)
Confirm with . or Enter, or press ? or * to list all spells.
The demonic crawler hits you! The demonic crawler barely misses you.
The demonic crawler hits you!
* * * LOW HITPOINT WARNING * * *
The demonic crawler attacks as you move away!
The demonic crawler completely misses you.
The demonic crawler misses you. The demonic crawler hits you!
You die...

. #.#.....~~~PPw .
...#.#...#.#~~P#
....#.#.....#~~≈### #
#.#.......#...~~~~###~
##.#.#.......#...~~≈~≈~
.#....P.#...#.#....~~~~~
......h.#.....#......#..
#.....#...#......#.#.#
#....@#.#........#...#
#.....s.#.#.#....#.#..
..........#.#.#....#..<#
..#.........#......#....
. #.#...........#P.....#
#..#.......#...##.....#
..# #...........##.....#
.# #.......#. . #.#....
....#.....# #......


You could see a demonic crawler (ally target) and a friendly wolf (summoned).

Vanquished Creatures
  2 two-headed ogres (D:10)
  An ugly thing (D:8)
  Maurice (D:8)
  A kobold demonologist (D:8)
  Prince Ribbit (D:8)
  A hornet (D:8)
  A wyvern (D:6)
  3 yaks (D:5)
  A steam dragon (D:7)
  Edmund (D:6)
  2 water moccasins
  2 ice beasts
  2 orc warriors (D:7)
  A black bear (D:8)
  A sky beast (D:7)
  2 centaurs (D:5)
  2 phantoms
  7 bullfrogs
  3 kobold brigands (D:8)
  5 scorpions
  10 killer bees
  A howler monkey (D:10)
  2 hounds
  2 jellies
  A sleepcap (D:8)
  Crazy Yiuf (D:3)
  2 iguanas
  Natasha (thrice) (D:3)
  2 orc wizards (D:7)
  10 adders
  A shadow imp (D:6)
  An ufetubus (D:5)
  A worm (D:2)
  3 dart slugs
  14 orcs
  17 ball pythons
  11 endoplasms
  8 giant cockroaches
  6 goblins
  10 hobgoblins
  4 jackals (D:2)
  5 kobolds
  11 quokkas
  4 bats
  10 frilled lizards
  2 rats (D:2)
182 creatures vanquished.

Vanquished Creatures (collateral kills)
  2 yaks (D:5)
  An iguana (D:5)
3 creatures vanquished.

Grand Total: 185 creatures vanquished

Notes
Turn   | Place    | Note
-------+----------+-------------------------------------------
     0 | D:1      | suse60 the Deep Elf Earth Elementalist began the quest for
                  | the Orb.
     0 | D:1      | Reached XP level 1. HP: 10/10 MP: 6/6
   307 | D:1      | Reached XP level 2. HP: 10/15 MP: 5/8
   652 | D:1      | Found a faded altar of an unknown god.
   734 | D:1      | Reached skill level 3 in Stealth
   963 | D:2      | Reached XP level 3. HP: 19/19 MP: 9/9
  1103 | D:2      | Learned a level 3 spell: Stone Arrow
  1527 | D:3      | Found a runed translucent door.
  1528 | D:3      | Noticed Crazy Yiuf
  1546 | D:3      | Noticed Natasha
  1555 | D:3      | Killed Natasha
  1556 | D:3      | Reached XP level 4. HP: 21/24 MP: 10/10
  1562 | D:3      | Reached skill level 4 in Stealth
  1775 | D:3      | Found a broken altar of Ashenzari.
  1876 | D:3      | Noticed Natasha
  1882 | D:3      | Killed Natasha
  2121 | D:3      | Noticed Natasha
  2123 | D:3      | Killed Natasha
  2124 | D:3      | Reached XP level 5. HP: 28/28 MP: 9/11
  2764 | D:3      | Killed Crazy Yiuf
  2912 | D:4      | Reached skill level 5 in Stealth
  2912 | D:4      | Reached skill level 5 in Earth Magic
  2945 | D:4      | Found a stormy altar of Qazlal.
  3203 | D:4      | Reached XP level 6. HP: 32/32 MP: 10/12
  3207 | D:4      | Learned a level 3 spell: Call Canine Familiar
  3252 | D:4      | Noticed an ice beast
  3447 | D:4      | Killed an ice beast
  3448 | D:4      | Reached skill level 5 in Dodging
  3590 | D:5      | Entered Level 5 of the Dungeon
  3641 | D:5      | Found a glowing drain.
  3713 | D:5      | Reached skill level 6 in Stealth
  3713 | D:5      | Reached XP level 7. HP: 34/36 MP: 15/15
  3735 | Sewer    | Entered a sewer
  3969 | Sewer    | Reached skill level 5 in Spellcasting
  4192 | D:5      | Identified the +5 spear "Paefibre" {spect, +Blink}
  4241 | D:5      | Reached skill level 7 in Stealth
  4383 | D:5      | Noticed a yak
  4384 | D:5      | Noticed a yak
  4387 | D:5      | Noticed a yak
  4389 | D:5      | Noticed a yak
  4398 | D:5      | Killed a yak
  4399 | D:5      | Reached XP level 8. HP: 25/41 MP: 12/19
  4481 | D:5      | Reached skill level 8 in Stealth
  4497 | D:5      | Reached skill level 1 in Conjurations
  5083 | D:6      | Noticed Edmund
  5109 | D:6      | Killed Edmund
  5110 | D:6      | Reached skill level 9 in Stealth
  5355 | D:6      | Reached XP level 9. HP: 43/45 MP: 17/21
  5372 | D:6      | Learned a level 3 spell: Call Canine Familiar
  5775 | D:7      | Found a staircase to the Ecumenical Temple.
  5794 | Temple   | Entered the Ecumenical Temple
  5798 | Temple   | Became a worshipper of Vehumet
  5965 | D:7      | Reached skill level 10 in Stealth
  6235 | D:7      | Reached skill level 5 in Conjurations
  6395 | D:8      | Found a shimmering blue altar of Sif Muna.
  6470 | D:8      | Reached skill level 1 in Summonings
  6498 | D:8      | Reached skill level 10 in Dodging
  6561 | D:8      | Reached skill level 11 in Stealth
  6677 | D:8      | Found a large runed translucent door.
  6677 | D:8      | Found a large runed translucent door.
  6680 | D:8      | You fall into a shaft and drop 2 floors!
  6680 | D:10     | Entered Level 10 of the Dungeon
  6695 | D:10     | Noticed a two-headed ogre
  6705 | D:10     | Killed a two-headed ogre
  6706 | D:10     | Reached XP level 10. HP: 42/50 MP: 16/22
  6727 | D:10     | Noticed a two-headed ogre
  6733 | D:10     | Killed a two-headed ogre
  6830 | D:10     | Noticed Fannar
  6925 | D:9      | Found an opulent altar of Gozag.
  7240 | D:8      | Noticed Maurice
  7248 | D:8      | Killed Maurice
  7344 | D:8      | Paralysed by a hornet for 2 turns
  7352 | D:8      | Reached skill level 12 in Stealth
  7510 | D:8      | Noticed Prince Ribbit
  7515 | D:8      | Killed Prince Ribbit
  7516 | D:8      | Reached skill level 5 in Summonings
  7548 | D:8      | Found a staircase to the Lair.
  7553 | D:8      | Found a one-way gate to the infinite horrors of the Abyss.
  7553 | D:8      | Identified the +6 dagger of Lofyxieb {distort, Str+5 Int+6}
  7553 | D:8      | Identified the +5 robe of Weus {Regen+ Int+5}
  7557 | D:8      | Noticed a purple ugly thing
  7814 | D:8      | Found a corrupted altar of Lugonu.
  7927 | D:8      | Killed a purple ugly thing
  8020 | D:8      | Learned a level 3 spell: Vampiric Draining
  8079 | Lair:1   | Entered Level 1 of the Lair of Beasts
  8079 | Lair:1   | Noticed a demonic crawler
  8079 | Lair:1   | Noticed a black mamba
  8126 | Lair:1   | Slain by a demonic crawler

Illustrated notes

Levels and vault maps discovered:
D:1:      giann_wishing_wells, layout_loops_ring,
          hellmonk_ecumenical_altar_leap_of_faith
D:2:      layout_rooms
D:3:      layout_basic, nicolae_ashenzari_panopticon, uniq_natasha,
          uniq_crazy_yiuf_cottage
D:4:      layout_cave_pools, nicolae_qazlal_scattered_showers,
          minmay_small_thing
D:5:      layout_basic, gup_sewer_entry_glass
D:6:      layout_basic, uniq_edmund
D:7:      layout_rooms, minmay_temple_entry_statues_fountains,
          minmay_misc_feat_rows
D:8:      due_chaos_kobolds, layout_basic, mainiacjoe_overflow_tiny_flanked,
          lair_entry_dummy, corner_web_ring, st_stairs_13, uniq_prince_ribbit1,
          uniq_maurice
D:9:      layout_small_grid, grunt_temple_overflow_open
D:10:     layout_basic, cheibrodos_worm_habitat, mainiacjoe_overflow_swirl,
          st_stairs_3, uniq_gastronok, uniq_fannar
Temple:   nicolae_temple_x_marks_the_god
Lair:1:   layout_long_grid, enter_volcano_2, worms_lemuel

Skill      XL: |  1  2  3  4  5  6  7  8  9 10 |
---------------+-------------------------------+-----
Stealth        | 3 4 5 6 7 9 11 12 | 12.5
Dodging        | 3 4 5 6 8 10 11 | 11.6
Earth Magic    | 4 5 |  5.7
Spellcasting   | 4 6 7 |  7.1
Conjurations   | 3 5 |  5.0
Summonings     | 3 5 |  5.1
Transmutations | |  1.1

Action                     |  1- 3 |  4- 6 |  7- 9 | 10-12 || total
---------------------------+-------+-------+-------+-------++-------
  Melee: Dagger            |     1 |       |       |     8 ||     9
         Rapier            |    24 |    36 |    53 |     7 ||   120
         Punch             |       |       |     1 |       ||     1
   Cast: Sandblast         |    29 |    47 |   125 |    23 ||   224
         Stone Arrow       |     1 |     4 |    16 |    24 ||    45
         Call Canine Famil |       |       |       |     6 ||     6
  Evoke: Wand              |       |       |     3 |     5 ||     8
    Use: Scroll            |     6 |     7 |    11 |     3 ||    27
         Potion            |       |     1 |     2 |     4 ||     7
   Stab: Sleeping          |    11 |     9 |    12 |     4 ||    36
         Distracted        |       |     1 |       |     2 ||     3
 Armour: Robe              |     3 |    10 |    36 |    35 ||    84
  Dodge: Dodged            |    17 |    50 |   155 |   113 ||   335
